 Dungeon Crawl Stone Soup version 0.31-a0-149-g3fdcc5976a (webtiles) character file.

Game seed: 3529167871878920972

310 qw the Shooter (level 6, -14/52 HPs)
             Began as a Minotaur Hunter on June 7, 2023.
             Demolished by an ogre
             ... wielding a +0 giant club
              (24 damage)
             ... on level 4 of the Dungeon.
             The game lasted 00:01:02 (2499 turns).

qw the Shooter (Minotaur Hunter)                    Turns: 2499, Time: 00:01:03

Health: -14/52     AC:  5    Str: 16    XL:     6   Next: 18%
Magic:  14/14      EV: 12    Int:  6    God:
Gold:   109        SH:  0    Dex: 15    Spells: 5/5 levels left

rFire   + . .        Y - +1 shortbow
rCold   . . .        (shield currently unavailable)
rNeg    + . .        h - +0 troll leather armour {Pargi}
rPois   .            (helmet restricted)
rElec   .            (no cloak)
rCorr   .            (no gloves)
SInv    .            i - +0 pair of boots of Forking Paths {Rampage rF+ MP+9}
Will    .....        (no amulet)
Stlth   +            d - ring of positive energy
HPRegen 1.08/turn    (no ring)
MPRegen 0.14/turn

%: rampage
@: brilliant
A: horns 2, retaliatory headbutt
a: no special abilities


You were on level 4 of the Dungeon.
You visited 1 branch of the dungeon, and saw 4 of its levels.

You collected 109 gold pieces.


Innate Abilities, Weirdness & Mutations

You have a pair of horns on your head.
You reflexively headbutt those who attack you in melee.


   Skills:
 - Level 4.0 Fighting
 + Level 7.5 Ranged Weapons
 - Level 1.3 Armour
 - Level 2.1 Dodging
 - Level 0.7 Stealth


You had 5 spell levels left.
You didn't know any spells.
Your spell library was empty.

Inventory:

Hand Weapons
 Y - a +1 shortbow (weapon)
Armour
 h - a +0 troll leather armour (worn) {Pargi}
 i - the +0 pair of boots of Forking Paths (worn) {Rampage rF+ MP+9}
   (You found it on level 3 of the Dungeon)

   rF:        It protects you from fire.
   MP:        It affects your magic capacity (+9).
   Rampage:   It bestows one free step when moving towards enemies.
Jewellery
 d - a ring of positive energy (left hand)
Scrolls
 b - 4 scrolls of identify
Potions
 a - a potion of resistance
 j - a potion of curing

Dungeon Overview and Level Annotations

Branches:
Dungeon (4/15)
 Temple: D:4-7

Altars:
Ashenzari
Gozag
Kikubaaqudgha
Nemelex Xobeh
Yredelemnul

Shops:
D:2 (


Message History

A ball python comes into view.
The ball python hisses angrily.
You shoot an arrow.
The arrow closely misses the ball python.
You shoot an arrow. The arrow hits the ball python!
You kill the ball python!
You see here a ball python corpse.
A hound comes into view.
You shoot an arrow.
The arrow hits the hound but does no damage.
The hound barks!
You hear a shout!
An ogre comes into view. It is wielding a +0 giant club.
You shoot an arrow. The arrow hits the ogre!
The ogre is moderately wounded.
You shoot an arrow. The arrow hits the hound.
The hound is lightly wounded.
You shoot an arrow. The arrow hits the hound.
The hound is moderately wounded.
The hound bites you.
You shoot an arrow. The arrow hits the hound.
The hound is severely wounded.
The hound barely misses you.
You shoot an arrow. The arrow closely misses the hound.
The hound closely misses you. The hound bites you but does no damage.
You shoot an arrow. The arrow hits the hound.
You kill the hound!
Your Armour skill increases to level 1!
You shoot an arrow. The arrow hits the ogre.
The ogre is moderately wounded.
The ogre hits you with a +0 giant club!
You shoot an arrow. The arrow hits the ogre.
The ogre is moderately wounded.
The ogre hits you with a +0 giant club!!
Ouch! That really hurt!
You shoot an arrow. The arrow completely misses the ogre.
You shoot an arrow. The arrow hits the ogre.
The ogre is heavily wounded.
The ogre hits you with a +0 giant club!!
You die...

#.. #.# #.# #
#.######## #..
###.........
##...######...........
.......<..#....##.#...
.......>..%.[..##.....
..........#...@O..# .
##...######.#..##.#
#... #........! #..
###..... ..# #.
#.##### ## #. #.# #.
##


You could see an ogre.

Vanquished Creatures
  Pargi (D:3)
  A hound (D:4)
  Natasha (thrice) (D:2)
  4 adders
  2 worms
  9 bats
  8 endoplasms
  6 giant cockroaches
  10 goblins
  7 hobgoblins
  3 jackals (D:1)
  3 kobolds
  5 quokkas
  2 ball pythons
  6 frilled lizards
  3 rats
  A spectral orc (D:3)
74 creatures vanquished.

Notes
Turn   | Place    | Note
-------+----------+-------------------------------------------
     0 | D:1      | qw the Minotaur Hunter began the quest for the Orb.
     0 | D:1      | Reached XP level 1. HP: 18/18 MP: 0/0
     0 | D:1      | 0 ||| qw: Version: 0.2-a-117-gc6b5c8b
     0 | D:1      | 0 ||| qw: Game counter: 2694
     0 | D:1      | 0 ||| qw: Always use a shield: true
     0 | D:1      | 0 ||| qw: God list: Okawaru
     0 | D:1      | 0 ||| qw: Allow faded altars: false
     0 | D:1      | 0 ||| qw: Do Orc after D:15 true
     0 | D:1      | 0 ||| qw: Do second Lair branch before Depths: true
     0 | D:1      | 0 ||| qw: Lair rune preference: random
     0 | D:1      | 0 ||| qw: Plans: Normal
     0 | D:1      | 0 ||| PLANNING D:1-11
    63 | D:1      | Found a faded altar of an unknown god.
   203 | D:1      | Reached XP level 2. HP: 25/25 MP: 1/1
   210 | D:1      | Reached skill level 5 in Ranged Weapons
   316 | D:1      | Reached skill level 3 in Fighting
   601 | D:1      | Reached XP level 3. HP: 31/31 MP: 2/2
   638 | D:1      | 638 ||| READING scroll labelled GEODYN UJANG.
   639 | D:1      | 639 ||| READING scroll labelled LORAACL KONU.
   640 | D:1      | 640 ||| READING scroll labelled WUUPPO WIAXOTA.
   641 | D:1      | 641 ||| DROPPING scroll of butterflies.
   643 | D:1      | 643 ||| Stepping ~*~*~tactically~*~*~ (cloud).
   912 | D:2      | Noticed Natasha
   914 | D:2      | 914 ||| FLEEEEING.
   915 | D:2      | 915 ||| FLEEEEING.
   916 | D:2      | 916 ||| FLEEEEING.
   917 | D:2      | 917 ||| FLEEEEING.
   918 | D:2      | 918 ||| FLEEEEING.
   931 | D:2      | Killed Natasha
   932 | D:2      | Reached skill level 6 in Ranged Weapons
   932 | D:2      | Reached XP level 4. HP: 35/38 MP: 3/3
  1081 | D:2      | Noticed Natasha
  1086 | D:2      | Killed Natasha
  1087 | D:2      | 1087 ||| FLEEEEING.
  1088 | D:2      | 1088 ||| FLEEEEING.
  1161 | D:2      | Found Nopp's Antique Weapon Boutique.
  1172 | D:2      | 1172 ||| UPGRADING to ring of positive energy.
  1180 | D:2      | Found an opulent altar of Gozag.
  1355 | D:2      | Noticed Natasha
  1369 | D:2      | HP: 9/40 [cerulean imp/+0 spear[Natasha] (2)]
  1370 | D:2      | 1370 ||| DRINKING potion of heal wounds.
  1372 | D:2      | Killed Natasha
  1373 | D:2      | Reached XP level 5. HP: 34/46 MP: 4/4
  1563 | D:2      | 1563 ||| READING scroll labelled ODALIORILI.
  1564 | D:2      | 1564 ||| READING 2 scrolls of identify.
  1564 | D:2      | 1564 ||| IDENTIFYING bubbling inky potion
  1633 | D:3      | Noticed Pargi
  1640 | D:3      | Killed Pargi
  1641 | D:3      | Reached skill level 7 in Ranged Weapons
  1724 | D:3      | Identified the +0 pair of boots of Forking Paths {Rampage
                  | rF+ MP+9}
  1838 | D:3      | Reached XP level 6. HP: 52/52 MP: 5/5
  2163 | D:3      | Found a sparkling altar of Nemelex Xobeh.
  2164 | D:3      | Found an ancient bone altar of Kikubaaqudgha.
  2165 | D:3      | Found a broken altar of Ashenzari.
  2248 | D:3      | Found a basalt altar of Yredelemnul.
  2362 | D:3      | 2362 ||| UPGRADING to +0 ring mail.
  2372 | D:3      | 2372 ||| DROPPING +0 leather armour.
  2373 | D:3      | 2373 ||| UPGRADING to +0 troll leather armour {Pargi}.
  2383 | D:3      | 2383 ||| DROPPING +0 ring mail.
  2384 | D:3      | 2384 ||| UPGRADING to +0 pair of boots of Forking Paths
                  | {Rampage rF+ MP+9}.
  2454 | D:3      | 2454 ||| READING scroll labelled ZESAM COZXIA.
  2455 | D:3      | 2455 ||| DRINKING 3 bubbling orange potions.
  2456 | D:3      | 2456 ||| READING 5 scrolls of identify.
  2456 | D:3      | 2456 ||| IDENTIFYING viscous puce potion
  2457 | D:3      | 2457 ||| DROPPING 2 potions of brilliance.
  2496 | D:4      | Reached skill level 1 in Armour
  2497 | D:4      | HP: 8/52 [ogre/+0 giant club (28)]
  2499 | D:4      | Demolished by an ogre

Levels and vault maps discovered:
D:1:      co_arrival_hexagon_in_a_hexagon, layout_basic,
          ebering_ecumenical_altar_rust
D:2:      layout_loops_ring, serial_shops, nicolae_shop_crystal, basic_altar,
          grunt_ministairs_5, st_stairs_11, minmay_misc_feat_x, uniq_natasha
D:3:      layout_loops_cross, yredelemnul_forgotten_temple_becter,
          chequers_temple_overflow_statue_of_worship, uniq_pargi
D:4:      layout_loops_cross, nicolae_shop_fire_sale [nicolae_sub_dead_trees]

Skill      XL: |  1  2  3  4  5  6 |
---------------+-------------------+-----
Ranged Weapons | 5 6 7 |  7.5
Fighting       | 3 4 |  4.0
Armour         | 1 |  1.3
Dodging        | |  2.1
Stealth        | |  0.7

Action                     |  1- 3 |  4- 6 || total
---------------------------+-------+-------++-------
   Fire: Shortbow          |   106 |   122 ||   228
    Use: Scroll            |     3 |     4 ||     7
         Potion            |       |     2 ||     2
 Armour: Leather armour    |    11 |     7 ||    18
         Troll leather arm |       |     1 ||     1
  Dodge: Dodged            |    33 |    28 ||    61

Table legend:
 A = Non-vault XP
 B = Vault XP
 C = Vault XP percentage of total XP
 D = Non-vault monster count
 E = Vault monster count
 F = Vault count percentage of total count
                 A         B        C        D         E       F
            +---------+---------+-------+---------+---------+-------
      Total |     257 |     187 |  42.1 |      65 |       9 |  12.2
            +---------+---------+-------+---------+---------+-------
        D:1 |      42 |       0 |   0.0 |      25 |       0 |   0.0
        D:2 |     130 |      56 |  30.1 |      21 |       7 |  25.0
        D:3 |      43 |     131 |  75.3 |      17 |       2 |  10.5
        D:4 |      42 |       0 |   0.0 |       2 |       0 |   0.0
            +---------+---------+-------+---------+---------+-------
